 Dungeon Crawl Stone Soup: Circus Animals version v1.3.0-269-g8eee7be (webtiles) character file.

51780 MuMo the Bludgeoner (level 19, -13/273 HPs) *STANDARD*
             Began as a Djinni Gladiator on Apr 23, 2016.
             Was the Champion of Okawaru.
             Mangled by a greater naga
             ... wielding a +0 spear
              (20 damage)
             ... on level 4 of the Snake Pit.
             The game lasted 01:05:15 (28910 turns).

MuMo the Bludgeoner (Djinni Gladiator)             Turns: 28910, Time: 01:05:15

Health: -13/273    AC:  8    Str: 22    XL:     19   Next: 16%
Magic:  0/0        EV: 19    Int: 14    God:    Okawaru [******]
Gold:   2780       SH:  0    Dex: 14    Spells: 6 memorised, 7 levels left

rFire  + + +     SeeInvis .     h - +7 great mace "Firestarter" {inner flame, rF++}
rCold  + . .     Gourm    .     m - +1 ring mail "Hipnehaigu" {rC+ MR++}
rNeg   . . .     Faith    .     (shield currently unavailable)
rPois  +         Spirit   .     c - +2 hat {MR+}
rElec  .         Dismiss  .     o - +1 cloak {rPois}
rCorr  .         Reflect  .     n - +2 pair of gloves {Str+3}
SustAt .         Harm     .     (boots unavailable)
MR     +++..                    E - amulet of regeneration
Stlth  ..........               z - ring of protection from cold
                                r - ring "Teceink" {*Corrode rPois rF+ Slay+6}

@: lethally poisoned (-13 -> -13), heroism, corroded, flying, glowing,
constricted, studying Shields, slow, extremely resistant to hostile
enchantments, extremely unstealthy
A: rough black scales 1, clever 1, deformed body 1, evolution 1, cold
vulnerability 1, no stealth, insightful 3, glowing 3, ephemeral 1
a: Remove Curse, Heroism, Finesse, Renounce Religion


You were on level 4 of the Snake Pit.
You worshipped Okawaru.
Okawaru was exalted by your worship.
You were not hungry.

You visited 5 branches of the dungeon, and saw 32 of its levels.
You also visited: Labyrinth.

You collected 4765 gold pieces.
You spent 1985 gold pieces at shops.

Inventory:

Hand Weapons
 h - the +7 great mace "Firestarter" (weapon) {inner flame, rF++}
   (Okawaru gifted it to you on level 11 of the Dungeon)

   It has been specially enchanted to burn those struck by it, causing extra
   injury to most foes and up to half again as much damage against particularly
   susceptible opponents.
   It greatly protects you from fire.
 i - the +5 eveningstar "Zayzigum" {crush, Dex+2 Stlth+}
   (Okawaru gifted it to you on level 8 of the Lair of Beasts)

   It inflicts extra damage upon your enemies.
   It affects your dexterity (+2).
   It makes you more stealthy.
Missiles
 d - 8 throwing nets (quivered)
Armour
 b - a +2 chain mail of cold resistance
 c - a +2 hat of magic resistance (worn)
 f - a +0 hat of intelligence
 j - a +0 cloak
 m - the +1 ring mail "Hipnehaigu" (worn) {rC+ MR++}
   (You bought it in a shop on level 4 of the Orcish Mines)

   It protects you from cold.
   It affects your resistance to hostile enchantments.
 n - a +2 pair of gloves of strength (worn)
 o - a +1 cloak of poison resistance (worn)
 t - the +1 leather armour of Vexation {rElec}
   (You bought it in a shop on level 13 of the Dungeon)

   It insulates you from electricity.
Jewellery
 a - a +4 ring of protection
 g - the ring "Xesetw Waost" {Str+4 Int+5 Dex-5 SInv}
   (You took it off an orc on level 7 of the Dungeon)

   [ring of see invisible]

   It affects your strength (+4).
   It affects your intelligence (+5).
   It affects your dexterity (-5).
   It lets you see invisible.
 r - the ring "Teceink" (left hand) {*Corrode rPois rF+ Slay+6}
   (You found it on level 9 of the Dungeon)

   [ring of slaying]

   It affects your accuracy and damage with ranged weapons and melee attacks
   (+6).
   It protects you from fire.
   It protects you from poison.
   It may corrode you when you take damage.
 v - an uncursed ring of positive energy
 z - a ring of protection from cold (right hand)
 E - an amulet of regeneration (around neck)
Wands
 k - a wand of iceblast (24/45)
 l - a wand of random effects (25/48)
 p - a wand of paralysis (40/72)
 q - a wand of flame (22/48)
 u - a wand of lightning (34/60)
 w - a wand of slowing (41/96)
 x - a wand of enslavement (9/24)
 A - a wand of confusion (7/48)
 B - a wand of acid (7/15)
 D - a wand of heal wounds (3/9)
 F - a wand of digging (30/48)
Potions
 a - 2 potions of heal wounds
 b - 12 potions of curing
 e - a potion of brilliance
 f - 2 potions of invisibility
 g - 6 potions of degeneration
 h - 2 potions of resistance
 i - 8 potions of flight
 k - 5 potions of haste
 l - 2 potions of cure mutation
 m - 3 potions of lignification
 n - 6 potions of agility
 s - a potion of ambrosia
 t - a potion of cancellation
 B - a potion of magic
Books
 j - a book of Spatial Translocations

   Spells                             Type                      Level
   a - Apportation                    Translocation                1
   b - Blink                          Translocation                2
   c - Shroud of Golubria             Charms/Translocation         2
   d - Portal Projectile              Translocation                3
   e - Teleport Other                 Translocation                3
   f - Passage of Golubria            Translocation                4
 q - a Necronomicon

   Spells                             Type                      Level
   a - Haunt                          Necromancy/Summoning         7
   b - Borgnjor's Revivification      Necromancy                   8
   c - Death's Door                   Charms/Necromancy            8
   d - Necromutation                  Transmutation/Necromancy     8
 r - a book of the Earth

   Spells                             Type                      Level
   a - Leda's Liquefaction            Hexes/Earth                  4
   b - Bolt of Magma                  Conjuration/Fire/Earth       5
   c - Statue Form                    Transmutation/Earth          6
   d - Iron Shot                      Conjuration/Earth            6
   e - Shatter                        Earth                        9
 u - a book of Power

   Spells                             Type                      Level
   a - Fulminant Prism                Conjuration/Hexes            4
   b - Iskenderun's Mystic Blast      Conjuration                  4
   c - Venom Bolt                     Conjuration/Poison           5
   d - Bolt of Magma                  Conjuration/Fire/Earth       5
   e - Iron Shot                      Conjuration/Earth            6
   f - Orb of Destruction             Conjuration                  7
   g - Spellforged Servitor           Conjuration/Summoning        7
 v - a book of Air

   Spells                             Type                      Level
   a - Shock                          Conjuration/Air              1
   b - Swiftness                      Charms/Air                   2
   c - Repel Missiles                 Charms/Air                   2
   d - Static Discharge               Conjuration/Air              3
   e - Lightning Bolt                 Conjuration/Air              5
 w - a book of Enchantments

   Spells                             Type                      Level
   a - Cause Fear                     Hexes                        4
   b - Yara's Violent Unravelling     Hexes/Transmutation          5
   c - Silence                        Hexes/Air                    5
   d - Deflect Missiles               Charms/Air                   6
   e - Haste                          Charms                       6
   f - Discord                        Hexes                        8
 x - a book of Summonings

   Spells                             Type                      Level
   a - Recall                         Summoning/Translocation      3
   b - Aura of Abjuration             Summoning                    5
   c - Summon Demon                   Summoning                    5
   d - Summon Forest                  Summoning/Translocation      5
   e - Summon Mana Viper              Hexes/Summoning              5
   f - Shadow Creatures               Summoning                    6
 y - a manual of Shields
 C - a book of Conjurations

   Spells                             Type                      Level
   a - Magic Dart                     Conjuration                  1
   b - Searing Ray                    Conjuration                  2
   c - Dazzling Spray                 Conjuration/Hexes            3
   d - Fulminant Prism                Conjuration/Hexes            4
   e - Iskenderun's Mystic Blast      Conjuration                  4
   f - Iskenderun's Battlesphere      Conjuration/Charms           5
 D - a book of Battle

   Spells                             Type                      Level
   a - Infusion                       Charms                       1
   b - Shroud of Golubria             Charms/Translocation         2
   c - Song of Slaying                Charms                       2
   d - Spectral Weapon                Hexes/Charms                 3
   e - Regeneration                   Charms/Necromancy            3
 E - a book of Geomancy

   Spells                             Type                      Level
   a - Sandblast                      Earth                        1
   b - Passwall                       Transmutation/Earth          2
   c - Stone Arrow                    Conjuration/Earth            3
   d - Petrify                        Transmutation/Earth          4
   e - Lee's Rapid Deconstruction     Earth                        5
Miscellaneous
 e - a plain deck of escape {the Tomb, drawn: 2}
 y - a plain deck of summoning {Foxfire}
 H - an ornate deck of wonders {Dowsing}
Comestibles
 c - 31 fruits
 d - 3 bread rations
 o - a meat ration
 p - 3 royal jellies


   Skills:
 + Level 12.0(17.0) Fighting
 * Level 19.8(24.8) Maces & Flails
 - Level 2.1(7.1) Throwing
 + Level 10.6(15.6) Armour
 + Level 13.4(18.4) Dodging
 - Level 6.5 Spellcasting
 * Level 7.6 Charms
 * Level 6.4 Necromancy
 - Level 6.2 Translocations
 * Level 7.7 Transmutations
 - Level 6.2 Invocations
 - Level 0.8 Evocations


You had 7 spell levels left.
You knew the following spells:

 Your Spells              Type           Power        Failure   Level  Hunger
a - Blink                 Tloc           #.........   12%         2    #......
b - Passage of Golubria   Tloc           #.........   26%         4    ####...
c - Necromutation         Trmt/Necr      #.........   100%        8    #######
d - Bolt of Magma         Conj/Fire/Erth #.........   100%        5    ######.
e - Repel Missiles        Chrm/Air       #.........   20%         2    #......
f - Regeneration          Chrm/Necr      #.........   14%         3    ##.....


Dungeon Overview and Level Annotations

Branches:
Dungeon (15/15)            Temple (1/1) D:5            Lair (8/8) D:8
 Shoals (0/4) Lair:6        Snake (4/4) Lair:3        Slime (0/6) Lair:7
    Orc (4/4) D:11            Elf (0/3) Orc:3        Vaults (0/5) D:14
 Depths (0/5) D:15

Altars:
Ashenzari
Cheibriados
Dithmenos
Elyvilon
Fedhas
Gozag
Kikubaaqudgha
Makhleb
Nemelex Xobeh
Okawaru
Pakellas
Qazlal
Ru
Sif Muna
Trog
Vehumet
Xom
Yredelemnul
Zin
The Shining One
Beogh
Jiyva

Shops:
D:5 *   D:11 *   D:13 (*((   D:14 }   Orc:1 *   Orc:3 %   Orc:4 **(*
Snake:1 *


Innate Abilities, Weirdness & Mutations

You are healed by all types of fire, even holy and hellish.
Unarmed attacks will do fire damage.
Cold and water do twice as much damage to you.
You have no legs.
Fire heals you.
You are vulnerable to cold.
You cannot be stealthy.
You quickly identify unidentified objects You emit a blinding light, making it easier for others to see you, increasing how far you can see Attacks rarely pass right through you.
You are partially covered in rough black scales (AC +4, Dex -1).
Your mind is acute. (Int +2)
Armour fits poorly on your strangely shaped body.
You evolve.


Message History

Unknown command.
You hit the anaconda (2). You burn the anaconda. (1)
The anaconda is almost dead.
The anaconda bites you (8)!
* * * LOW HITPOINT WARNING * * *
x2 The anaconda constricts you (1).
The naga mage spits poison at you. The splash of poison hits you! (5)
You resist.
* * * LOW HITPOINT WARNING * * *
The naga barely misses you.
The naga sharpshooter casts a spell.
The naga sharpshooter magically shoots a bolt of flame.
The bolt of flame hits you (16)!
* * * LOW HITPOINT WARNING * * *
The sea snake closely misses you. The anaconda bites you (8)!
* * * LOW HITPOINT WARNING * * *
The greater naga hits you (20) from afar with a spear!!
You die...

# ### .# ##########.# ..
##.......#..# ...
###...........# ...#
##)......####### ...#
#.......##. ## ...#
##.....###.###.# ..#
#...<<.###..S..## ..#
##......)#).@NNN.#.. .#
#........(†≈SSNN.NN. ##
#........'))≈≈N≈.#.. #
###........')≈≈≈≈≈.'..
###§.........#.......#NN
#)§.).......###.....## .
...#........# #.###.#
.^####........##. ## ###
###.....# ##


You could see a greater naga (dazed), 2 naga sharpshooters, a sea snake (dazed),
2 anacondas, a naga mage and 6 nagas.

Vanquished Creatures
  Gastronok (Lair:1)
  An orc warlord (Orc:4)
  2 greater nagas
  Maud (D:12)
  Aizul (Snake:2)
  A dire elephant (Lair:8)
  A minotaur (shapeshifter) (D:15)
  A minotaur (Lab)
  Erolcha (Orc:1)
  8 naga warriors
  Harold (Lair:1)
  5 hydras
  Erica (Orc:1)
  Fannar (Lair:2)
  5 centaur warriors
  11 anacondas
  A catoblepas (Lair:8)
  2 dancing weapons (D:14)
  A death knight (D:15)
  A queen ant (Lair:6)
  5 orc high priests (Orc:4)
  6 death yaks (Lair:8)
  A tengu warrior (D:14)
  Nergalle (Lair:1)
  A deep troll shaman (Lair:8)
  3 shock serpents
  The ghost of chequers the Grappler, a novice MTBe of Trog (Lair:1)
  7 naga sharpshooters
  3 salamander mystics
  3 unseen horrors
  A sea snake (Snake:4)
  6 hill giants
  6 naga ritualists
  Pikel (D:6)
  10 orc knights
  A wizard (D:14)
  A wolf spider (D:15)
  4 lindwurms (D:15)
  2 deep elf magi
  12 ugly things
  A griffon (Lair:6)
  4 cyclopes
  A manticore (D:15)
  12 mana vipers
  5 guardian serpents
  8 salamanders
  12 naga magi
  30 black mambas
  9 elephants (Lair:8)
  Psyche (D:10)
  12 spiny frogs
  3 gargoyles
  2 kobold demonologists (D:11)
  A freezing wraith (D:15)
  2 rime drakes
  2 efreet (D:14)
  7 komodo dragons
  3 tengu conjurers
  3 polar bears
  4 trolls
  8 slime creatures
  4 two-headed ogres
  4 blink frogs (Lair:5)
  3 boulder beetles
  3 shadows
  2 wyverns
  6 wraiths
  Grum (D:8)
  Eustachio (D:5)
  A fire elemental (Lair:3)
  3 vampire mosquitoes (D:15)
  29 yaks
  A basilisk (Lair:1)
  A hog (shapeshifter) (D:15)
  A human (D:10)
  A hippogriff (shapeshifter) (D:15)
  4 hungry ghosts (Lab)
  A steam dragon (D:12)
  16 hippogriffs
  2 wargs
  Edmund (D:6)
  41 nagas
  A soldier ant (shapeshifter) (D:15)
  21 soldier ants
  14 water moccasins
  15 porcupines
  A slave (D:6)
  6 ice beasts
  34 orc warriors
  2 black bears (Lair:8)
  3 phantoms
  7 sky beasts
  7 ogres
  14 centaurs
  3 boggarts (D:15)
  4 necrophages
  16 wolves
  20 crocodiles
  4 big kobolds (D:11)
  13 giant frogs
  A gnoll sergeant (D:9)
  A water moccasin zombie (D:7)
  A wyvern skeleton (D:11)
  A scorpion (D:11)
  3 electric eels
  4 wights (D:9)
  8 howler monkeys
  4 giant frog zombies
  3 crimson imps
  2 jellies
  2 quasits
  4 centaur zombies
  43 orc priests
  28 orc wizards
  7 hounds
  7 centaur skeletons
  A giant frog skeleton (D:11)
  10 iguanas
  27 worker ants
  A killer bee zombie (D:9)
  19 sheep
  A hound zombie (D:6)
  3 hound skeletons
  A mummy (D:9)
  A worker ant zombie (D:11)
  2 howler monkey skeletons
  7 adders
  5 gnolls
  114 river rats
  2 shadow imps
  An ooze (D:1)
  An adder skeleton (D:6)
  An adder zombie (D:8)
  4 worms
  2 dart slugs (D:4)
  3 giant geckos
  177 orcs
  4 giant cockroaches
  3 goblins
  5 hobgoblins
  8 jackals
  2 quokkas
  A ball python (D:2)
  5 bats
  4 giant newts
  17 kobolds
  14 rats
  2 bushes (Lair:8)
  2 fire vortices (Lair:3)
  17 fungi
  17 plants
1166 creatures vanquished.

Vanquished Creatures (collateral kills)
  Nikola (Snake:1)
1 creature vanquished.

Vanquished Creatures (others)
  Josephine (D:12)
  2 centaurs
  An iguana (D:6)
  A river rat (Lair:8)
  An orc (D:11)
  4 fungi
10 creatures vanquished.

Grand Total: 1177 creatures vanquished

Notes
Turn   | Place    | Note
--------------------------------------------------------------
     0 | D:1      | MuMo the Djinni Gladiator began the quest for the Orb.
     0 | D:1      | Reached XP level 1. HP: 36/36 MP: 0/0
   181 | D:1      | Reached XP level 2. EP: 46/46
   231 | D:1      | Found a glowing golden altar of the Shining One.
   368 | D:1      | Reached XP level 3. EP: 56/56
   638 | D:2      | Reached skill level 4 in Maces & Flails
   722 | D:2      | Gained mutation: You emit light, making it easier for others to see you. [Djinni growth]
   722 | D:2      | Reached XP level 4. EP: 66/66
  1645 | D:3      | Reached skill level 1 in Armour
  1645 | D:3      | Reached XP level 5. EP: 40/77
  1959 | D:3      | Found a faded altar to an unknown god.
  2478 | D:4      | Lost mutation: Attacks often pass right through you. [Djinni growth]
  2478 | D:4      | Reached XP level 6. EP: 83/87
  2702 | D:4      | Reached skill level 5 in Dodging
  2863 | D:4      | Reached XP level 7. EP: 85/99
  3371 | D:5      | Entered Level 5 of the Dungeon
  3498 | D:5      | Reached skill level 5 in Maces & Flails
  3564 | D:5      | Found a sacrificial altar of Ru.
  3859 | D:5      | Found Ushryxef's General Store.
  3862 | D:5      | Bought a +2 chain mail of cold resistance for 279 gold pieces
  3974 | D:5      | Found a staircase to the Ecumenical Temple.
  3975 | D:5      | Noticed Eustachio
  3995 | D:5      | Killed Eustachio
  3995 | D:5      | Gained mutation: You emit a bright light, making it easier for others to see you. [Djinni growth]
  3995 | D:5      | Reached XP level 8. EP: 107/109
  4114 | Temple   | Entered the Ecumenical Temple
  4200 | Temple   | Became a worshipper of Warmaster Okawaru
  4711 | D:6      | Found a blossoming altar of Fedhas.
  4711 | D:6      | Found an opulent altar of Gozag.
  4793 | D:6      | Noticed Edmund
  4810 | D:6      | Killed Edmund
  4810 | D:6      | Reached skill level 6 in Maces & Flails
  4851 | D:6      | Noticed Pikel
  4888 | D:6      | Killed Pikel
  4888 | D:6      | Reached * piety under Okawaru
  4888 | D:6      | Reached skill level 7 in Maces & Flails
  4888 | D:6      | Gained mutation: You often figure out what unidentified objects are. [Djinni growth]
  4888 | D:6      | Reached XP level 9. EP: 115/125
  5066 | D:6      | Reached ** piety under Okawaru
  5596 | D:7      | Reached skill level 5 in Fighting
  5596 | D:7      | Reached skill level 8 in Maces & Flails
  5596 | D:7      | Reached skill level 5 in Armour
  5700 | D:7      | Got a crude granite ring
  6161 | D:7      | Reached XP level 10. EP: 126/138
  6194 | D:7      | Identified the ring "Xesetw Waost" {Str+4 Int+5 Dex-5 SInv} (You took it off an orc on level 7 of the Dungeon)
  6313 | D:8      | Found a sparkling altar of Nemelex Xobeh.
  6380 | D:8      | Reached *** piety under Okawaru
  6384 | D:8      | Learned a level 2 spell: Blink
  6409 | D:8      | Noticed Grum
  6428 | D:8      | Killed Grum
  6428 | D:8      | Reached skill level 9 in Maces & Flails
  6428 | D:8      | Reached skill level 1 in Spellcasting
  6513 | D:8      | Found a staircase to the Lair.
  6949 | D:8      | Reached **** piety under Okawaru
  7124 | D:9      | Paralysed by a gnoll for 2 turns
  7231 | D:9      | Reached skill level 1 in Invocations
  7280 | D:9      | Reached XP level 11. EP: 120/160
  7466 | D:9      | Received a gift from Okawaru
  7484 | D:9      | Reached skill level 10 in Maces & Flails
  7526 | D:9      | Got a bound pewter ring
  7674 | D:9      | Reached ***** piety under Okawaru
  7684 | D:9      | Reached skill level 5 in Spellcasting
  7864 | D:10     | Entered Level 10 of the Dungeon
  7872 | D:10     | Noticed Psyche
  7888 | D:10     | Killed Psyche
  8012 | D:10     | Found a blossoming altar of Fedhas.
  8052 | D:10     | Found a radiant altar of Vehumet.
  8175 | D:10     | Noticed a deep elf mage
  8205 | D:10     | Killed a deep elf mage
  8614 | D:11     | Got a pair of scorched boots
  8709 | D:11     | Noticed a red ugly thing
  8728 | D:11     | Killed a red ugly thing
  8728 | D:11     | Received a gift from Okawaru
  8728 | D:11     | Reached skill level 10 in Dodging
  8776 | D:11     | Noticed a green ugly thing
  8793 | D:11     | Killed a green ugly thing
  8793 | D:11     | Gained mutation: You emit a blinding light, making it easier for others to see you, increasing how far you can see [Djinni growth]
  8793 | D:11     | Lost mutation: Attacks sometimes pass right through you. [Djinni growth]
  8793 | D:11     | Reached XP level 12. EP: 179/180
  8797 | D:11     | Found Xiurodopt's Assorted Antiques.
  8819 | D:11     | Bought a leatherbound book for 390 gold pieces
  8819 | D:11     | Bought a copper ring for 130 gold pieces
  9026 | D:11     | Found a staircase to the Orcish Mines.
  9311 | D:11     | Identified the ring "Teceink" {*Corrode rPois rF+ Slay+6} (You found it on level 9 of the Dungeon)
  9450 | D:11     | Reached skill level 11 in Maces & Flails
  9552 | D:11     | Got a polished broad axe
  9622 | D:11     | Received a gift from Okawaru
  9712 | D:11     | Reached skill level 1 in Translocations
  9927 | Orc:1    | Entered Level 1 of the Orcish Mines
  9940 | Orc:1    | Noticed Erolcha
  9953 | Orc:1    | Killed Erolcha
 10286 | Orc:1    | Noticed Erica
 10292 | Orc:1    | Killed Erica
 10308 | Orc:1    | Found Duciykoi's General Store.
 10316 | Orc:1    | Bought a potion of haste for 110 gold pieces
 11008 | Orc:2    | Received a gift from Okawaru
 11008 | Orc:2    | Reached skill level 12 in Maces & Flails
 11142 | Orc:3    | Found a bloodstained altar of Trog.
 11206 | Orc:3    | Found Haruxkida's Food Shop.
 11210 | Orc:3    | Found a staircase to the Elven Halls.
 11369 | Orc:3    | Reached XP level 13. EP: 182/192
 11647 | Orc:4    | Entered Level 4 of the Orcish Mines
 11795 | Orc:4    | Found a roughly hewn altar of Beogh.
 12022 | Orc:4    | Reached skill level 5 in Invocations
 12033 | Orc:4    | Reached skill level 13 in Maces & Flails
 12718 | Orc:4    | Noticed an orc warlord
 12732 | Orc:4    | Killed an orc warlord
 12732 | Orc:4    | Received a gift from Okawaru
 12732 | Orc:4    | Reached skill level 5 in Translocations
 12739 | Orc:4    | Reached XP level 14. EP: 89/209
 12739 | Orc:4    | Received a gift from Okawaru
 13021 | Orc:4    | Found Ykuod's General Store.
 13024 | Orc:4    | Found Jaolanki's Weapon Shoppe.
 13025 | Orc:4    | Found Icyhuipn's Assorted Antiques.
 13026 | Orc:4    | Found Sufuut's General Store.
 13032 | Orc:4    | Bought a pair of embroidered gloves for 157 gold pieces
 13036 | Orc:4    | Bought 2 potions of heal wounds for 150 gold pieces
 13038 | Orc:4    | Bought a potion of mutation for 40 gold pieces
 13038 | Orc:4    | Bought the +1 ring mail "Hipnehaigu" {rC+ MR++} for 502 gold pieces
 13040 | Orc:4    | Bought a potion of curing for 45 gold pieces
 13213 | D:12     | Found a sparkling altar of Nemelex Xobeh.
 13213 | D:12     | Noticed Maud
 13228 | D:12     | Killed Maud
 13260 | D:12     | Reached skill level 14 in Maces & Flails
 13456 | D:12     | Noticed Josephine
 13459 | D:12     | Killed Josephine
 13482 | D:12     | Reached ****** piety under Okawaru
 13876 | D:12     | Learned a level 4 spell: Passage of Golubria
 14512 | D:13     | Found Rumnykust's Antique Weapon Boutique.
 14569 | D:13     | Found Akastru's Assorted Antiques.
 14660 | D:13     | Bought a fine leather armour for 182 gold pieces
 14674 | D:13     | Found Xaos's Weapon Boutique.
 14807 | D:13     | Found Taklaet's Antique Weapon Shop.
 15066 | D:14     | Identified the +1 leather armour of Vexation {rElec} (You bought it in a shop on level 13 of the Dungeon)
 15089 | D:14     | Found an oddly glowing altar of Pakellas.
 15089 | D:14     | Found Pakellas's Prime Provisions.
 15207 | D:14     | Found a labyrinth entrance.
 15210 | D:14     | Reached skill level 15 in Maces & Flails
 15224 | Lab      | Entered a labyrinth
 15336 | Lab      | Gained mutation: You quickly identify unidentified objects [Djinni growth]
 15336 | Lab      | Reached XP level 15. EP: 206/219
 15346 | Lab      | Learned a level 8 spell: Necromutation
 16170 | Lab      | Reached skill level 1 in Transmutations
 16191 | D:14     | Reached skill level 1 in Necromancy
 16381 | D:14     | Reached skill level 10 in Fighting
 16385 | D:14     | Received a gift from Okawaru
 16386 | D:14     | Found a gate to the Vaults.
 16436 | D:14     | Learned a level 5 spell: Bolt of Magma
 16956 | Lair:1   | Entered Level 1 of the Lair of Beasts
 17043 | Lair:1   | Learned a level 2 spell: Repel Missiles
 17263 | Lair:1   | Noticed Gastronok
 17276 | Lair:1   | Killed Gastronok
 17276 | Lair:1   | Reached skill level 16 in Maces & Flails
 17548 | Lair:1   | Noticed chequers's ghost (novice MTBe)
 17549 | Lair:1   | Noticed Harold
 17561 | Lair:1   | Killed Harold
 17565 | Lair:1   | Killed chequers's ghost
 17742 | Lair:1   | Noticed Nergalle
 17752 | Lair:1   | Killed Nergalle
 17752 | Lair:1   | Reached skill level 1 in Charms
 18503 | Lair:2   | Noticed Fannar
 18511 | Lair:2   | Killed Fannar
 18829 | Lair:3   | Gained mutation: Scrolls take you a little longer to read. [potion of mutation]
 18829 | Lair:3   | Gained mutation: You are partially covered in sharp spines. [potion of mutation]
 18829 | Lair:3   | Gained mutation: You are covered in fur (AC +1). [potion of mutation]
 18830 | Lair:3   | Gained mutation: Potions and wands are less effective at restoring your health. [potion of mutation]
 18830 | Lair:3   | Gained mutation: You are robust (+10% HP). [potion of mutation]
 18831 | Lair:3   | Gained mutation: You resist negative energy. [potion of beneficial mutation]
 18887 | Lair:3   | You are sucked into a shaft for 2 floors!
 19537 | Lair:5   | Reached XP level 16. EP: 241/251
 19887 | Lair:4   | Received a gift from Okawaru
 20907 | Lair:6   | Reached skill level 10 in Armour
 20917 | Lair:6   | Reached skill level 17 in Maces & Flails
 21048 | Lair:6   | Found a staircase to the Shoals.
 21418 | Lair:7   | Received a gift from Okawaru
 21587 | Lair:7   | Found a viscous altar of Jiyva.
 21589 | Lair:7   | Found a staircase to the Slime Pits.
 22222 | Lair:8   | Entered Level 8 of the Lair of Beasts
 22732 | Lair:8   | Received a gift from Okawaru
 22732 | Lair:8   | Reached skill level 5 in Transmutations
 22757 | Lair:8   | Got a shimmering eveningstar {god gift}
 22938 | Lair:8   | Identified the +5 eveningstar "Zayzigum" {crush, Dex+2 Stlth+} (Okawaru gifted it to you on level 8 of the Lair of Beasts)
 23124 | Lair:8   | Reached XP level 17. EP: 241/264
 24057 | Lair:3   | Gained mutation: You are resistant to trampling. [potion of mutation]
 24058 | Lair:3   | Lost mutation: Scrolls take you a little longer to read. [potion of cure mutation]
 24058 | Lair:3   | Lost mutation: You are covered in fur (AC +1). [potion of cure mutation]
 24059 | Lair:3   | Lost mutation: You resist negative energy. [potion of cure mutation]
 24059 | Lair:3   | Lost mutation: You are resistant to trampling. [potion of cure mutation]
 24059 | Lair:3   | Lost mutation: You are partially covered in sharp spines. [potion of cure mutation]
 24059 | Lair:3   | Lost mutation: Potions and wands are less effective at restoring your health. [potion of cure mutation]
 24060 | Lair:3   | Gained mutation: Your mind is acute. (Int +2) [potion of beneficial mutation]
 24139 | Lair:3   | Found a staircase to the Snake Pit.
 24472 | D:15     | Entered Level 15 of the Dungeon
 24511 | D:15     | Gained mutation: Potions and wands are less effective at restoring your health. [potion of mutation]
 24511 | D:15     | Gained mutation: You are partially covered in rough black scales (AC +4, Dex -1). [potion of mutation]
 24512 | D:15     | Lost mutation: Potions and wands are less effective at restoring your health. [potion of cure mutation]
 24512 | D:15     | Lost mutation: You are robust (+10% HP). [potion of cure mutation]
 24590 | D:15     | Reached skill level 5 in Charms
 24647 | D:15     | Reached skill level 18 in Maces & Flails
 24677 | D:15     | Found an oddly glowing altar of Pakellas.
 24696 | D:15     | Received a gift from Okawaru
 25119 | D:15     | Reached skill level 5 in Necromancy
 25231 | D:15     | Found a staircase to the Depths.
 25547 | Snake:1  | Entered Level 1 of the Snake Pit
 25606 | Snake:1  | Found Imisio's General Store.
 25620 | Snake:1  | Learned a level 3 spell: Regeneration
 25643 | Snake:1  | Received a gift from Okawaru
 25955 | Snake:1  | Noticed Nikola
 25974 | Snake:1  | Killed Nikola
 26409 | Snake:1  | Received a gift from Okawaru
 26564 | Snake:1  | Reached XP level 18. EP: 247/260
 27327 | Snake:2  | Reached skill level 19 in Maces & Flails
 27342 | Snake:2  | Noticed Aizul
 27357 | Snake:2  | Killed Aizul
 27670 | Snake:3  | Received a gift from Okawaru
 28804 | Snake:4  | Entered Level 4 of the Snake Pit
 28804 | Snake:4  | Gained mutation: You evolve. [potion of mutation]
 28804 | Snake:4  | Gained mutation: Armour fits poorly on your strangely shaped body. [potion of mutation]
 28819 | Snake:4  | Reached XP level 19. EP: 246/273
 28889 | Snake:4  | Received a gift from Okawaru
 28910 | Snake:4  | HP: 7/273 [anaconda (8)]
 28910 | Snake:4  | Mangled by a greater naga

Skill      XL: |  1  2  3  4  5  6  7  8  9 10 11 12 13 14 15 16 17 18 19 |
---------------+----------------------------------------------------------+-----
Throwing       | 2 |  2.1
Maces & Flails | 4 5 7 8 9 10 12 13 15 16 17 18 19 | 19.8
Dodging        | 4 5 7 8 9 10 11 12 13 | 13.4
Armour         | 1 2 3 4 5 6 7 8 9 10 | 10.6
Fighting       | 2 4 5 6 7 8 9 10 11 12 | 12.0
Spellcasting   | 3 6 |  6.5
Invocations    | 1 3 4 5 6 |  6.2
Translocations | 3 5 6 |  6.2
Transmutations | 3 5 6 7 |  7.7
Necromancy     | 3 4 5 6 |  6.4
Charms         | 2 4 6 7 |  7.6
Evocations     | |  0.8

Action                   |  1- 3 |  4- 6 |  7- 9 | 10-12 | 13-15 | 16-18 | 19-21 || total
-------------------------+-------+-------+-------+-------+-------+-------+-------++-------
Melee: Flail             |    60 |   149 |   337 |   606 |       |       |       ||  1152
       Whip              |       |       |    10 |       |       |       |       ||    10
       Great mace        |       |       |       |   168 |   647 |   905 |    45 ||  1765
 Cast: Repel Missiles    |       |       |       |       |       |     5 |       ||     5
       Regeneration      |       |       |       |       |       |    11 |     1 ||    12
Invok: Heroism           |       |       |       |       |     4 |       |     1 ||     5
Evoke: Wand              |       |       |       |       |     1 |     1 |       ||     2
       Deck              |       |       |       |       |     2 |       |       ||     2
       Phantom mirror    |       |       |       |       |       |     1 |       ||     1
  Use: Potion            |       |       |       |     2 |     9 |    10 |     1 ||    22
 Stab: Sleeping          |       |       |       |     1 |       |     2 |       ||     3
       Invisible         |       |       |       |     4 |     9 |    13 |     1 ||    27
Armor: Leather armour    |     6 |    51 |    26 |       |       |       |       ||    83
       Chain mail        |       |       |   145 |   378 |    93 |       |       ||   616
       Ring mail         |       |       |       |       |   172 |   339 |    19 ||   530
Dodge: Dodged            |    21 |    64 |   151 |   273 |   428 |   558 |    73 ||  1568
       Deflected         |       |       |       |       |       |    32 |     2 ||    34
